AoeStats
← Carple

Black Forest

505141483Analyzed
4v4 RM · 25d ago on Sep 8, 2026· 53m 26s· 8 players
Game mode
Random Map
Map size
Large (8 player)
Population
200
Speed
Normal
Resources
Standard
Victory
Conquest
Starting age
Dark Age
Ending age
Imperial Age
RankedLock teamsTeams togetherTeam positionsShared explorationLock speedFull tech treeHidden civsTurbo modeCheats
Victory
Defeat
🇨🇳 Mongols · China
974
+20
🇨🇭 Saracens · Switzerland
943
+21
🇨🇿 Khmer · Czechia
943
+21
🇨🇦 Teutons · Canada
942
+21
🇺🇸 Mongols · United States
1112
-24
🇺🇸 Persians · United States
1098
-23
🇺🇸 Vietnamese · United States
999
-18
🇺🇸 Teutons · United States
997
-18
ReynaldDeZureich
3:21 Loom
4:42 Loom
11:35 Feudal Age
12:25 Double-Bit Axe
15:11 Fletching
19:42 Castle Age
20:15 Crossbowman
26:07 Imperial Age
23:33 Horse Collar
25:32 Gold Mining
25:45 Heavy Plow
26:27 Bodkin Arrow
28:17 Chemistry
28:17 Bracer
28:56 Bow Saw
29:41 Padded Archer Armor
31:07 Leather Archer Armor
33:00 Thumb Ring
35:27 Ring Archer Armor
35:27 Loom
37:45 Gold Shaft Mining
48:55 Elite Skirmisher
ladek23
0:27 Loom
11:31 Feudal Age
22:00 Castle Age
20:45 Gold Mining
21:09 Double-Bit Axe
22:36 Wheelbarrow
21:50 Horse Collar
23:17 Heavy Plow
25:04 Bow Saw
26:04 Pikeman
29:57 Hand Cart
35:39 Imperial Age
34:09 Fletching
34:20 Padded Archer Armor
35:57 Ballistics
35:49 Masonry
36:00 Bodkin Arrow
37:42 Elite Ballista Elephant
38:45 Conscription
38:32 Town Watch
40:43 Bloodlines
40:35 Husbandry
40:55 Double Crossbow
41:19 Bracer
41:30 Forging
41:37 Leather Archer Armor
41:23 Murder Holes
43:30 Iron Casting
43:00 Scale Barding Armor
52:49 Cavalier
52:51 Light Cavalry
Carple
1:19 Loom
11:59 Feudal Age
12:29 Double-Bit Axe
12:48 Horse Collar
18:05 Castle Age
16:31 Forging
16:28 Scale Barding Armor
16:53 Bloodlines
17:23 Scale Barding Armor
18:05 Gold Mining
26:15 Wheelbarrow
30:58 Imperial Age
28:56 Chain Barding Armor
29:50 Hand Cart
29:59 Devotion
30:14 Bow Saw
30:44 Heavy Plow
31:47 Iron Casting
31:05 Town Watch
31:41 Cavalier
36:09 Plate Barding Armor
36:35 Blast Furnace
37:41 Town Patrol
37:29 Paladin
44:05 Chemistry
43:12 Siege Engineers
44:44 Fletching
44:56 Scale Mail Armor
45:16 Caravan
46:35 Two-Man Saw
46:05 Ballistics
49:04 Conscription
49:04 Bodkin Arrow
49:47 Squires
49:33 Gambesons
49:34 Arson
50:06 Chain Mail Armor
49:51 Padded Archer Armor
50:25 Elite Teutonic Knight
Mika_168
13:09 Feudal Age
17:30 Castle Age
16:35 Double-Bit Axe
18:27 Horse Collar
26:22 Wheelbarrow
27:14 Bow Saw
27:47 Gold Mining
29:16 Thumb Ring
29:34 Bloodlines
29:25 Husbandry
29:34 Fletching
33:16 Imperial Age
30:32 Loom
32:39 Gold Shaft Mining
32:49 Bodkin Arrow
32:55 Padded Archer Armor
33:59 Hand Cart
33:56 Heavy Plow
35:31 Conscription
35:25 Onager
36:30 Drill
36:48 Siege Onager
37:41 Bracer
38:25 Ballistics
39:07 Chemistry
38:05 Elite Mangudai
41:29 Parthian Tactics
43:27 Caravan
47:57 Siege Engineers
51:08 Leather Archer Armor
Nedlaw
3:00 Loom
12:00 Feudal Age
16:01 Castle Age
13:58 Double-Bit Axe
14:35 Horse Collar
15:41 Fletching
16:31 Padded Archer Armor
17:43 Bodkin Arrow
21:56 Bow Saw
25:37 Heavy Plow
27:14 Gold Mining
28:19 Bloodlines
31:24 Wheelbarrow
31:42 Stone Mining
36:32 Ballistics
37:34 Leather Archer Armor
41:41 Thumb Ring
42:18 Husbandry
46:27 Imperial Age
44:14 Hand Cart
45:13 Town Watch
47:18 Scale Barding Armor
47:15 Bracer
48:17 Chemistry
51:13 Parthian Tactics
McBlahblah
1:00 Loom
14:45 Feudal Age
15:35 Double-Bit Axe
19:32 Wheelbarrow
20:18 Gold Mining
22:09 Horse Collar
26:37 Castle Age
27:31 Heavy Plow
27:43 Bow Saw
26:58 Elite Skirmisher
33:54 Bloodlines
37:56 Scale Barding Armor
46:28 Imperial Age
grahamkwaj
4:58 Loom
12:16 Feudal Age
17:57 Castle Age
16:12 Double-Bit Axe
18:00 Horse Collar
18:35 Bow Saw
19:10 Wheelbarrow
18:51 Forging
18:47 Scale Barding Armor
20:25 Iron Casting
20:27 Heavy Plow
21:38 Pikeman
28:17 Chain Barding Armor
30:54 Bloodlines
32:31 Hand Cart
42:32 Imperial Age
42:41 Cavalier
43:35 Onager
45:26 Citadels
45:55 Hoardings
45:46 Conscription
45:29 Savar
51:34 Plate Barding Armor
52:00 Blast Furnace
thepagoda2
7:40 Loom
11:12 Feudal Age
12:14 Double-Bit Axe
15:28 Castle Age
13:48 Horse Collar
16:49 Wheelbarrow
16:30 Bow Saw
19:30 Elite Skirmisher
22:45 Pikeman
26:08 Fletching
26:22 Heavy Plow
31:41 Imperial Age
29:28 Padded Archer Armor
33:27 Chemistry
32:46 Crossbowman
33:31 Thumb Ring
33:40 Arbalester
36:05 Two-Man Saw
35:40 Crop Rotation
36:48 Hand Cart
36:43 Siege Engineers
36:59 Ballistics
37:40 Bodkin Arrow
38:01 Leather Archer Armor
41:23 Bracer
41:53 Ring Archer Armor
41:25 Scale Mail Armor
41:36 Forging
41:30 Squires
42:19 Halberdier
44:27 Hoardings
43:17 Elite Rattan Archer
46:16 Coinage
49:40 Banking
49:20 Guilds
51:34 Chain Mail Armor
51:55 Iron Casting
Connection lost

Rejoining the realm…

Still unreachable

The connection could not be restored.

Session expired

The server has moved on; the page needs a fresh start.